Map: Distrito de Newkirk TE (Grande Vazio)

Players

YesItsNull - Winner!

  • Race: Zerg Zerg
  • League: Platinum
  • Spawn Location: 7:00

KingFireEgg

  • Race: Zerg Zerg
  • League: Platinum
  • Spawn Location: 5:00

VOD

https://youtu.be/5Q5uBdxpaK8

Description

Time

  • Played on: Nov. 23, 2016, 12:14 p.m.
  • Length: 4:26
Show
View Real Time Build Order
Export as new Build Order

YesItsNull Zerg - Winner!

Build Orders: Hatch First, Zergling Baneling 

Get SALT Encoding   

  12  0:03  Drone  
  13  0:14  Overlord  
  13  0:33  Drone x3  
  16  0:44  Drone  
  17  0:55  Hatchery  
  16  0:59  Drone  
  17  1:06  Drone  
  17  1:08  Extractor  
  17  1:21  Spawning Pool  
  17  1:22  Drone  
  17  1:27  Drone  
  18  1:38  Drone  
  19  1:49  Overlord  
  19  2:08  Queen x2  
  19  2:09  Metabolic Boost  
  19  2:11  Zergling x2  
  19  2:12  Zergling x2  
  25  2:15  Zergling x2  
  25  2:19  Drone  
  27  2:23  Zergling x2  
  27  2:29  Zergling x2  
  29  2:32  Zergling x2  
  30  2:43  Baneling Nest  
  30  2:44  Zergling x4  
  31  2:53  Zergling x4  
  33  3:01  Zergling x2  
  34  3:05  Overlord  
  33  3:28  Baneling x4  
  33  3:29  Baneling x2  
  33  3:30  Zergling x10  
  33  3:31  Zergling x2  
  39  3:40  Zergling x4  
  41  3:41  Zergling x2  
  41  3:43  Baneling  
  39  3:52  Zergling x4  
  39  3:57  Zergling x4  
  39  3:59  Baneling  
  41  4:05  Zergling x4  
Show
View Real Time Build Order
Export as new Build Order

KingFireEgg Zerg 

Build Orders: Hatch First 

Get SALT Encoding   

  12  0:01  Drone  
  13  0:09  Drone  
  14  0:19  Drone, Extractor x2  
  13  0:22  Drone  
  16  0:46  Hatchery  
  15  0:57  Spawning Pool  
  15  1:01  Extractor  
  15  1:02  Drone  
  14  1:07  Extractor  
  14  1:08  Drone  
  16  1:13  Extractor  
  15  1:21  Overlord  
  15  1:39  Drone  
  16  1:40  Drone x2  
  16  1:44  Queen  
  20  1:57  Queen  
  20  2:00  Drone x2  
  24  2:12  Zergling x4  
  24  2:13  Zergling x2  
  27  2:28  Spine Crawler  
  27  2:29  Drone  
  27  2:33  Metabolic Boost  
  27  2:40  Overlord, Drone  
  27  3:01  Evolution Chamber  
  27  3:03  Evolution Chamber  
  25  3:12  Evolution Chamber  
  24  3:22  Drone x3  
  24  3:23  Drone x4  
  31  3:41  Spine Crawler  
  31  3:43  Spine Crawler  
  27  3:55  Zergling x2  
  27  3:56  Zergling x14  
  27  4:02  Spine Crawler  
Tags
 
Add a new tag
Caveats
  • Supply blocks, unpowered buildings, or Contaminate may cause inaccurate times.
  • Supply counts are checked every 10 seconds.